 Dungeon Crawl Stone Soup version 0.26-a0-612-gd4d190f45e (webtiles) character file.

Game seed: 11968467751997258536

82 Forgol the Slasher (level 4, -2/38 HPs)
             Began as a Draconian Fighter on Sept 10, 2020.
             Killed from afar by Sigmund (3 damage)
             ... with a magic dart
             ... on level 2 of the Dungeon.
             The game lasted 00:01:51 (1042 turns).

Forgol the Slasher (Draconian Fighter)              Turns: 1042, Time: 00:01:51

Health: -2/38      AC:  6    Str: 19    XL:     4   Next: 21%
Magic:  4/4        EV: 10    Int:  8    God:
Gold:   76         SH:  9    Dex: 11    Spells: 3/3 levels left

rFire    . . .     SeeInvis .   a - +0 long sword
rCold    . . .     Faith    .   b - +0 kite shield
rNeg     . . .     Spirit   .   (armour unavailable)
rPois    .         Reflect  .   (helmet restricted)
rElec    .         Harm     .   (no cloak)
rCorr    .                      (no gloves)
MR       .....                  k - +0 pair of boots
Stlth    +.........             (no amulet)
HPRegen  0.12/turn              (no ring)
MPRegen  0.09/turn              (no ring)

@: mighty, hasted, very quick
A: unfitting armour, cold-blooded, AC +5
a: no special abilities


You were on level 2 of the Dungeon.
You visited 1 branch of the dungeon, and saw 2 of its levels.

You collected 76 gold pieces.

Inventory:

Hand Weapons
 a - a +0 long sword (weapon)
Armour
 b - a +0 kite shield (worn)
 k - a +0 pair of boots (worn)
Jewellery
 h - an uncursed ring of fire {unknown}
Scrolls
 d - a scroll of teleportation
 e - a scroll of magic mapping
 f - a scroll of remove curse
 g - a scroll of identify
 j - a scroll of fear {unknown}


   Skills:
 - Level 3.2 Fighting
 + Level 4.5 Long Blades
 - Level 2.6 Dodging
 - Level 3.0 Shields


You had 3 spell levels left.
You didn't know any spells.
Your spell library was empty.

Dungeon Overview and Level Annotations

Branches:
Dungeon (2/15)

Altars:

Annotations:
D:2 Sigmund


Innate Abilities, Weirdness & Mutations

Your plain brown scales are hard. (AC +5)
You cannot fit into any form of body armour.
You are cold-blooded and may be slowed by cold attacks.


Message History

You feel less confused.
Sigmund hits you from afar with a +0 scythe.
* * * LOW HITPOINT WARNING * * *
You feel yourself speed up. You block Sigmund's attack.
Okay, then.
You slash Sigmund!
Sigmund is moderately wounded.
Sigmund gestures wildly while chanting.
Sigmund flickers and vanishes!
Deactivating autopickup; reactivate with Ctrl-A.
You miss something. Something hits you.
* * * LOW HITPOINT WARNING * * *
You miss something. You closely miss something.
Something hits you but does no damage.
You closely miss something. You hit something.
You hear some strange, mumbled words.
A magic dart appears from out of thin air!
The magic dart hits you.
You die...

#.....# ##.#####.##
#.....#####
#.........####..†....†..
#..$...........<>..###..
#.........####.....# #..
#.........# #.....# ##.
.#.........## #.....# #.
............# ####### #.
......!.@{..# #.
............#### #####.
...#>###..#....# ##.....
. # ##...##.####..####
#.#.........## #
#.##.###.....## # #.
#.#..# #####..#
..#.#####.)..# ##.#
...#.......##.# #.#


There were no monsters in sight!

Vanquished Creatures
  Jessica (D:2)
  An adder (D:2)
  An ooze (D:1)
  2 worms (D:2)
  A dart slug (D:1)
  A leopard gecko (D:2)
  A ball python (D:1)
  6 bats (D:1)
  A giant cockroach (D:1)
  3 goblins
  5 hobgoblins
  2 jackals (D:1)
  2 quokkas (D:2)
  A frilled lizard (D:1)
  4 kobolds
  2 rats
34 creatures vanquished.

Notes
Turn   | Place    | Note
-------+----------+-------------------------------------------
     0 | D:1      | Forgol the Draconian Fighter began the quest for the Orb.
     0 | D:1      | Reached XP level 1. HP: 19/19 MP: 1/1
    31 | D:1      | Reached XP level 2. HP: 21/26 MP: 2/2
   175 | D:1      | Reached skill level 3 in Long Blades
   604 | D:1      | Reached XP level 3. HP: 31/31 MP: 3/3
   791 | D:2      | Reached skill level 4 in Long Blades
   935 | D:2      | Noticed Jessica
   942 | D:2      | Killed Jessica
   942 | D:2      | Reached XP level 4. HP: 34/38 MP: 4/4
  1022 | D:2      | Noticed Sigmund
  1038 | D:2      | HP: 1/38 [something (4)]
  1042 | D:2      | Killed from afar by Sigmund

Illustrated notes

Levels and vault maps discovered:
D:1:      elethiomel_arrival_quiet, layout_rooms, st_stairs_2,
          minmay_hedge_maze, minmay_domino_2
D:2:      layout_rooms, lemuel_zombie_altar_yredelemnul, uniq_sigmund,
          uniq_jessica

Skill      XL: |  1  2  3 |
---------------+----------+-----
Long Blades    | 3 4 |  4.5
Fighting       | |  3.2
Dodging        | |  2.6
Shields        | |  3.0

Action                   |  1- 3 |  4- 6 || total
-------------------------+-------+-------++-------
Melee: Long sword        |    95 |    17 ||   112
       Tailslap          |    16 |       ||    16
  Use: Scroll            |     5 |       ||     5
       Potion            |       |     2 ||     2
Armor: Skin              |    47 |     1 ||    48
Dodge: Dodged            |    69 |     6 ||    75
Block: Kite shield       |    70 |     7 ||    77
       Rpst.: Long sword |    20 |     1 ||    21

Table legend: (Time is in decaauts)
 A = Elapsed time spent in this place.
 B = Non-inter-level travel time spent in this place.
 C = Inter-level travel time spent in this place.
 D = Time resting spent in this place.
 E = Time spent auto-exploring this place.
 F = Levels seen in this place.
 G = Mean time per level.
                   A        B        C        D        E       F      G
               +--------+--------+--------+--------+--------+-----+--------+
         Total |   1074 |   1059 |     15 |      0 |    776 |   2 |  537.0 |
       Dungeon |   1074 |   1059 |     15 |      0 |    776 |   2 |  537.0 |
               +--------+--------+--------+--------+--------+-----+--------+

Top non-repeatable levels by time:
     D:1: 728 daAuts
     D:2: 346 daAuts
